 Dungeon Crawl Stone Soup version 0.32-a0-314-g526f7d4993 (webtiles) character file.

Game seed: 11149859712676294501

21 zenocrate the Sneak (level 2, -3/21 HPs)
             Began as an Octopode Delver on Feb 16, 2024.
             Splashed by a jelly's acid (9 damage)
             ... on level 5 of the Dungeon.
             The game lasted 00:01:49 (525 turns).

zenocrate the Sneak (Octopode Delver)                Turns: 525, Time: 00:01:50

Health: -3/21      AC: -11   Str: 11    XL:     2   Next: 83%
Magic:  2/2        EV: 13    Int: 12    God:
Gold:   17         SH:  0    Dex: 13    Spells: 1/1 levels left

rFire   . .          .
                       - Unarmed
rCold   . . .        (no shield)
rNeg    . . .        (helmet restricted)
rPois   .            (no amulet)
rElec   .            (no ring)
rCorr   .            (no ring)
SInv    .            (no ring)
Will    .....        (no ring)
Stlth   ++++         (no ring)
HPRegen 0.23/turn    (no ring)
MPRegen 0.08/turn    (no ring)
                     (no ring)

%: no passive effects
@: corroded
A: almost no armour, amphibious, 8 rings, camouflage 1, gelatinous body 1,
(nimble swimmer 1), tentacles
a: no special abilities


You were on level 5 of the Dungeon.
You visited 1 branch of the dungeon, and saw 1 of its levels.

You collected 17 gold pieces.

Inventory:

Wands
 e - a wand of digging (3)
Scrolls
 a - a scroll of fog
 b - a scroll of revelation
 f - a scroll of identify {unknown}
Potions
 d - a potion of haste
 g - a potion of curing {unknown}
 h - a potion of invisibility {unknown}


   Skills:
 + Level 3.3 Fighting
 + Level 2.4 Dodging
 - Level 6.6 Stealth
 + Level 2.4 Unarmed Combat


You had one spell level left.
You didn't know any spells.
Your spell library was empty.

Dungeon Overview and Level Annotations

Branches:
Dungeon (5/15)             Temple (0/1) D:5

Altars:


Innate Abilities, Weirdness & Mutations

You cannot wear most types of armour.
You are amphibious.
You can wear up to eight rings at the same time.
Your skin changes colour to match your surroundings (Stealth+).
Your rubbery body absorbs attacks. (AC +1, EV +1)
((You are camouflaged when in or above water. (Stealth+)))
You have tentacles for arms and can constrict up to eight enemies at once.


Message History

The hound looks frightened!
Unknown command.
You enter a teleport trap!
The teleport trap disappears.
Your surroundings suddenly seem different.
An adder comes into view.
Found 5 stones.
You start resting.
HP restored.
Found a cloak.
You see here a +0 cloak.
The helpless adder fails to defend itself.
You tentacle-slap the adder. Your grab misses the adder.
Your squeeze misses the adder.
The adder is moderately wounded.
The adder bites you.
You tentacle-slap the adder. Your grab misses the adder.
The adder is heavily wounded.
The adder bites you. x2
You barely miss the adder. Your grab misses the adder.
The adder is heavily wounded.
The adder barely misses you.
You closely miss the adder. Your grab misses the adder. You squeeze the adder.
You kill the adder!
An iguana comes into view.
A jelly comes into view.
A gnoll bouda comes into view. It is wielding a +0 whip.
The jelly quivers.
Okay, then.
Okay, then.
The gnoll shouts!
You tentacle-slap the jelly. The acid corrodes you!
Your tentacles burn!
The jelly is lightly wounded.
The jelly hits you. The acid corrodes you!
You are splashed with acid!
You tentacle-slap the jelly but do no damage.
Your tentacles burn!
The jelly is lightly wounded.
The jelly hits you.
* * * LOW HITPOINT WARNING * * *
The acid corrodes you!
You are splashed with acid!
You die...

... #.## #.# ##.## ##.. ... #.#
##...# ... #.##.####..... ..##
#.l....)...... .g.. ...#
###.J#..#..... ... ##g #g#
#........### ... ... #.#
##.###....# ... ###.# #.#
##.....##... ..# #...# #@#
#....(.##### #.# #.# #J#
##....#...# #.## #># #.#
##....####.## !..# #.# #.#
#..#..# #..# ##g# #.#
#.###.##..#####.# #.# #.#
####.##........###.##
#.#####.####........#####...#..#
#.................>## ###....#
#.................## ####..


You could see a jelly and a gnoll.

Vanquished Creatures
  A gnoll (D:5)
  An adder (D:5)
2 creatures vanquished.

Notes
Turn   | Place    | Note
-------+----------+-------------------------------------------
     0 | D:5      | zenocrate the Octopode Delver began the quest for the Orb.
     0 | D:5      | Reached XP level 1. HP: 16/16 MP: 1/1
    55 | D:5      | Found a staircase to the Ecumenical Temple.
    55 | D:5      | Noticed a gnoll bouda
    93 | D:5      | Noticed a bombardier beetle
   275 | D:5      | Noticed an orc wizard
   287 | D:5      | Reached XP level 2. HP: 5/21 MP: 2/2
   362 | D:5      | Noticed an ogre
   525 | D:5      | Splashed by a jelly's acid

Illustrated notes

Levels and vault maps discovered:
D:5:      cheibrodos_barr_body, layout_rooms, general_overflow_altar,
          minmay_temple_entry_butterflies

Action                     || total
---------------------------++-------
  Melee: Unarmed           ||    15
         Tentacles         ||     3
         Constrict         ||     1
    Use: Scroll            ||     1
   Stab: Sleeping          ||     1
 Armour: Skin              ||    11
  Dodge: Dodged            ||     4

Table legend: (Time is in decaauts)
 A = Elapsed time spent in this place.
 B = Non-inter-level travel time spent in this place.
 C = Inter-level travel time spent in this place.
 D = Time resting spent in this place.
 E = Time spent auto-exploring this place.
 F = Levels seen in this place.
 G = Mean time per level.
                   A        B        C        D        E       F      G
               +--------+--------+--------+--------+--------+-----+--------+
         Total |    524 |    524 |      0 |    214 |    135 |   1 |  524.0 |
       Dungeon |    524 |    524 |      0 |    214 |    135 |   1 |  524.0 |
               +--------+--------+--------+--------+--------+-----+--------+

Top non-repeatable levels by time:
     D:5: 524 daAuts
